 Dungeon Crawl Stone Soup version 0.29-a0-757-g358383bc75 (webtiles) character file.

Game seed: 6880298772600042657

260 omnomnOMINOUS the Sneak (level 6, -4/41 HPs)
             Began as an Octopode Wanderer on June 30, 2022.
             Was a Believer of Dithmenos.
             Succumbed to Eustachio's poison
             ... on level 4 of the Dungeon on July 1, 2022.
             The game lasted 00:11:24 (4638 turns).

omnomnOMINOUS the Sneak (Octopode Wanderer)         Turns: 4638, Time: 00:11:24

Health: -4/41      AC:  1    Str: 13    XL:     6   Next: 17%
Magic:  11/11      EV: 12    Int: 23    God:    Dithmenos [**....]
Gold:   166        SH:  0    Dex:  9    Spells: 12/12 levels left

rFire   . . .      SeeInvis .   a - +0 short sword
rCold   . . .      Faith    .   q - +0 buckler
rNeg    . . .      Spirit   +   c - +0 hat
rPois   .          Reflect  .   A - amulet of guardian spirit
rElec   .          Harm     .   k - +6 ring of intelligence
rCorr   .          Rampage  .   (no ring)
Will    .....                   (no ring)
Stlth   ++........              (no ring)
HPRegen 0.13/turn               (no ring)
MPRegen 0.12/turn               (no ring)
                                (no ring)
                                (no ring)

@: confused, mighty, lethally poisoned (-4 -> -46), ambrosia-drunk, flying
(expiring), wreathed by umbra
A: almost no armour, amphibious, 8 rings, camouflage 1, gelatinous body 1,
(nimble swimmer 1), tentacles
a: Renounce Religion, Shadow Step


You were on level 4 of the Dungeon.
You worshipped Dithmenos.
Dithmenos was pleased with you.
You visited 1 branch of the dungeon, and saw 5 of its levels.

You collected 166 gold pieces.

Inventory:

Hand Weapons
 a - a +0 short sword (weapon)
 b - a +0 dagger
Armour
 c - a +0 hat (worn)
 q - a +0 buckler (worn)
Magical Staves
 r - a staff of death
Jewellery
 k - a +6 ring of intelligence (left tentacle)
 w - an amulet of the acrobat
 y - a ring of fire
 A - an amulet of guardian spirit (around mantle)
Scrolls
 e - a scroll of vulnerability {unknown}
 g - a scroll of immolation {unknown}
 i - 11 scrolls of identify {unknown}
 l - a scroll of summoning {unknown}
 m - 2 scrolls of magic mapping {unknown}
 s - a scroll of fear
 t - a scroll of silence {unknown}
 v - a scroll of blinking {unknown}
Potions
 j - a potion of experience {unknown}
 n - a potion of mutation {unknown}
 o - a potion of attraction {unknown}
 p - a potion of haste {unknown}
 u - a potion of flight
 x - a potion of might
 z - a potion of degeneration {unknown}


   Skills:
 + Level 2.4 Fighting
 + Level 1.7 Short Blades
 + Level 2.8 Dodging
 + Level 4.1 Stealth
 + Level 1.7 Shields
 + Level 3.7 Spellcasting
 - Level 3.0 Transmutations
 - Level 1.0 Invocations


You had 12 spell levels left.
You didn't know any spells.
Your spell library contained the following spells:

 Spells                   Type           Power      Damage    Failure   Level
 Beastly Appendage        Tmut           36%        N/A       4%          1
 Sting                    Tmut/Pois      44%        1d5       8%          1
 Passwall                 Tmut/Erth      9%         N/A       12%         2
 Freeze                   Ice            16%        1d4       14%         1
 Call Canine Familiar     Summ           4%         N/A       38%         3
 Ozocubu's Armour         Ice            4%         N/A       38%         3
 Portal Projectile        Hex/Tloc       8%         N/A       38%         3
 Animate Dead             Necr           4%         N/A       80%         4
 Leda's Liquefaction      Hex/Erth       2%         N/A       80%         4
 Borgnjor's Vile Clutch   Necr/Erth      2%         N/A       98%         5
 Death Channel            Necr           2%         N/A       100%        6


Dungeon Overview and Level Annotations

Branches:
Dungeon (5/15)
 Temple: D:4-7

Altars:
Dithmenos
Elyvilon
Okawaru
Wu Jian

Shops:
D:3 (

Annotations:
D:3 Sigmund
D:4 Eustachio
D:5 exclusion: ice beast


Innate Abilities, Weirdness & Mutations

You cannot wear most types of armour.
You are amphibious.
You can wear up to eight rings at the same time.
Your skin changes colour to match your surroundings (Stealth+).
Your rubbery body absorbs attacks. (AC +1, EV +1)
((You are camouflaged when in or above water. (Stealth+)))
You have tentacles for arms and can constrict up to eight enemies at once.


Message History

Eustachio says, "Summoning is fun!"
You completely miss Eustachio. You grab Eustachio. You squeeze Eustachio!
Eustachio is lightly wounded.
You constrict Eustachio.
Eustachio hits you with a +0 rapier of venom!
You are poisoned.
You puncture Eustachio!
Eustachio is heavily wounded.
You constrict Eustachio.
You feel very sick.
Eustachio hits you with a +0 rapier of venom!
You are more poisoned.
You block Eustachio's attack.
You feel much better.
You constrict Eustachio.
You feel extremely sick.
Eustachio gestures wildly while chanting.
Eustachio blinks free!
You feel very sick.
You feel very sick.
You feel very sick. Eustachio hits you but does no damage.
You are lethally poisoned!
You barely miss Eustachio. Your grab misses Eustachio.
Eustachio is severely wounded.
* * * LOW HITPOINT WARNING * * *
You feel very sick.
Eustachio hits you with a +0 rapier of venom!
* * * LOW HITPOINT WARNING * * *
You are more poisoned.
It was a potion of ambrosia.
You are confused.
You feel invigorated.
* * * LOW HITPOINT WARNING * * *
You feel extremely sick.
Eustachio hits you with a +0 rapier of venom!
* * * LOW HITPOINT WARNING * * *
You are more poisoned.
It was a potion of magic.
Magic courses through your body.
You are starting to lose your buoyancy.
You die...

####### #.###.##
#.#....# #.#.#.##
######### #.#.#.#
.#......# #.....#
......#.# ###.###
######### ###.###
#.....# ♣♣♣ #####@##
♣♣♣.♣♣♣ ♣♣####@.#
♣.....♣♣ ♣♣.....#.##
.......♣♣♣.........#
..≈≈≈...♣...≈≈≈....#
.≈≈≈≈≈.....≈≈≈≈≈...#
.≈≈_≈≈.....≈≈♣≈≈...#
.≈≈≈≈≈.....≈≈≈≈≈..##
..≈≈≈...♣...≈≈≈...#


You could see Eustachio.

Vanquished Creatures
  A hound (D:4)
  A gnoll shaman (D:4)
  2 iguanas (D:4)
  An orc wizard (D:3)
  3 adders
  A gnoll (D:5)
  An ufetubus (D:4)
  A worm (D:4)
  A dart slug (D:3)
  7 orcs
  12 endoplasms
  3 giant cockroaches
  2 goblins
  8 hobgoblins
  5 quokkas
  4 ball pythons
  5 bats
  4 frilled lizards
  6 kobolds
  3 rats
71 creatures vanquished.

Notes
Turn   | Place    | Note
-------+----------+-------------------------------------------
     0 | D:1      | omnomnOMINOUS the Octopode Wanderer began the quest for the
                  | Orb.
     0 | D:1      | omnomnOMINOUS set off with the following items: a +0 club,
                  | a scroll of fear, a +0 hat; and the following spells
                  | available to memorise: Beastly Appendage, Sting, Passwall,
                  | Freeze, Ozocubu's Armour.
     0 | D:1      | Reached XP level 1. HP: 11/11 MP: 4/4
   196 | D:1      | Reached XP level 2. HP: 14/18 MP: 6/6
   254 | D:1      | Found a faded altar of an unknown god.
   525 | D:1      | Reached skill level 1 in Fighting
  1226 | D:1      | Reached XP level 3. HP: 23/23 MP: 7/7
  1322 | D:2      | Found an ornate altar of the Wu Jian Council.
  1370 | D:1      | Prayed at the altar of an unknown god.
  1370 | D:1      | Became a worshipper of Dithmenos the Shadowed
  1370 | D:1      | Reached * piety under Dithmenos
  2070 | D:2      | Reached skill level 3 in Stealth
  2224 | D:2      | Reached XP level 4. HP: 28/28 MP: 9/9
  2703 | D:3      | You fall into a shaft and drop 2 floors!
  2703 | D:5      | Entered Level 5 of the Dungeon
  2818 | D:5      | Noticed an ice beast
  2925 | D:4      | Found an iron altar of Okawaru.
  2936 | D:4      | Reached skill level 1 in Short Blades
  2938 | D:4      | Reached skill level 1 in Shields
  3164 | D:3      | Noticed Sigmund
  3177 | D:3      | Reached XP level 5. HP: 33/34 MP: 10/10
  3333 | D:3      | Reached ** piety under Dithmenos
  3493 | D:3      | Found Finor's Weapon Emporium.
  3585 | D:3      | Noticed a black bear
  4283 | D:4      | Reached XP level 6. HP: 12/40 MP: 11/11
  4508 | D:4      | Found a white marble altar of Elyvilon.
  4593 | D:4      | Noticed Eustachio
  4599 | D:4      | Reached skill level 4 in Stealth
  4637 | D:4      | HP: 2/41 [poisoned by Eustachio]
  4638 | D:4      | Succumbed to Eustachio's poison

Illustrated notes

Levels and vault maps discovered:
D:1:      minmay_arrival_five_plusses, layout_rooms,
          shapermc_ecumenical_altar_starsandcircs
D:2:      layout_basic, basic_altar
D:3:      layout_loops_cross, serial_shops, shop, nrook_loot_triangle,
          uniq_sigmund, uniq_natasha, uniq_crazy_yiuf_cottage
D:4:      kennysheep_spiral_hall, layout_loops_cross, okawaru_gym_becter,
          elyvilon_altar_3, uniq_eustachio
D:5:      layout_loops_ring, marbit_many_paths, kennysheep_generic_room_9

Skill      XL: |  1  2  3  4  5  6 |
---------------+-------------------+-----
Fighting       | 1 2 |  2.4
Dodging        | 2 |  2.8
Stealth        | 3 4 |  4.1
Short Blades   | 1 |  1.7
Shields        | 1 |  1.7
Spellcasting   | |  3.7
Transmutations | |  3.0
Invocations    | |  1.0

Action                   |  1- 3 |  4- 6 || total
-------------------------+-------+-------++-------
Melee: Club              |    20 |       ||    20
       Constrict         |    15 |    27 ||    42
       Tentacles         |    12 |    34 ||    46
       Punch             |     1 |       ||     1
       Short sword       |    73 |   105 ||   178
  Use: Potion            |       |     6 ||     6
 Stab: Sleeping          |    11 |     9 ||    20
Armor: Skin              |     8 |     9 ||    17
Dodge: Dodged            |    59 |    69 ||   128
Block: Buckler           |       |    11 ||    11

Table legend: (Time is in decaauts)
 A = Elapsed time spent in this place.
 B = Non-inter-level travel time spent in this place.
 C = Inter-level travel time spent in this place.
 D = Time resting spent in this place.
 E = Time spent auto-exploring this place.
 F = Levels seen in this place.
 G = Mean time per level.
                   A        B        C        D        E       F      G
               +--------+--------+--------+--------+--------+-----+--------+
         Total |   4660 |   4510 |    150 |    943 |   2488 |   5 |  932.0 |
       Dungeon |   4660 |   4510 |    150 |    943 |   2488 |   5 |  932.0 |
               +--------+--------+--------+--------+--------+-----+--------+

Top non-repeatable levels by time:
     D:1: 1392 daAuts
     D:2: 1375 daAuts
     D:3: 840 daAuts
     D:4: 838 daAuts
     D:5: 213 daAuts
